 Dungeon Crawl Stone Soup version 0.14-a0-1811-gdc2d5af (webtiles) character file.

26968 Psiweapon the Unseen (level 12, -2/74 HPs)
             Began as a Vampire Enchanter on Jan 6, 2014.
             Was the Champion of Makhleb.
             Slain by a death yak (21 damage)
             ... on Level 6 of the Lair of Beasts on Jan 8, 2014.
             The game lasted 02:15:57 (19782 turns).

Psiweapon the Unseen (Vampire Enchanter)           Turns: 19782, Time: 02:15:58

HP  -2/74        AC  8     Str  9      XL: 12   Next: 96%
MP  28/29        EV 18     Int 17      God: Makhleb [******]
Gold 730         SH  0     Dex 16      Spells:  8 memorised,  4 levels left

rFire  . . .     SeeInvis +     v - -1,+1 orc short sword (speed)
rCold  + . .     Clarity  .     n - +1 leather armour {MR+}
rNeg   + + .     Conserve +     (no shield)
rPois  +         rCorr    .     j - +0 helmet
rElec  .         rRot     +     B - +0 cloak
SustAb . .       Spirit   .     Q - +0 pair of gloves
rMut   .         Warding  .     (no boots)
Saprov . . .     Stasis   .     f - amulet of conservation
                                y - ring of regeneration
                                X - +6,+6 ring of slaying

@: regenerating slowly, very slightly contaminated, quite resistant to hostile
enchantments, extraordinarily stealthy
A: bottle blood, fangs 3, see invisible, unbreathing
a: Bat Form, Bottle Blood, Minor Destruction, Lesser Servant of Makhleb, Major
Destruction, Greater Servant of Makhleb, Renounce Religion


You were on level 6 of the Lair of Beasts.
You worshipped Makhleb.
Makhleb was exalted by your worship.
You were very thirsty.

You visited 3 branches of the dungeon, and saw 19 of its levels.

You collected 758 gold pieces.
You spent 28 gold pieces at shops.

Inventory:

Hand weapons
 c - the +7,+5 bow "Sotwir" {flame, +Blink rElec Str+3}
   (You found it on level 3 of the Lair of Beasts)

   It turns projectiles fired from it into bolts of flame.
   It affects your strength (+3).
   It insulates you from electricity.
   It lets you blink.
 k - a +0,+2 orcish dagger of venom
 v - a -1,+1 orcish short sword of speed (weapon)
 P - a +3,+0 dagger of chaos
Missiles
 e - 22 arrows
Armour
 j - a +0 helmet (worn)
 n - a +1 leather armour of magic resistance (worn)
 B - a +0 cloak (worn)
 Q - a +0 pair of gloves (worn)
Magical devices
 a - a wand of random effects (13)
 t - a wand of cold (2)
 C - a wand of hasting (3)
 E - a wand of enslavement (16) {unknown}
 G - a wand of frost (8) {unknown}
 I - a wand of draining (3)
 L - a wand of heal wounds (1)
 R - a wand of lightning (6)
 V - a wand of fire (4)
Scrolls
 g - 2 scrolls of fog
 h - 2 scrolls of fear {unknown}
 l - 2 scrolls of blinking {unknown}
 r - a scroll of summoning {unknown}
 s - a scroll of identify
 z - a scroll of amnesia {unknown}
 D - 3 scrolls of teleportation
 H - a scroll of enchant weapon III {unknown}
 K - 2 scrolls of remove curse
 M - 4 scrolls of magic mapping {unknown}
 N - a scroll of brand weapon {unknown}
 O - a scroll of acquirement {unknown}
 S - 2 scrolls of curse armour {unknown}
Jewellery
 f - an amulet of conservation (around neck)
 p - an uncursed ring of fire
 u - an uncursed ring of sustain abilities
 y - a ring of regeneration (right hand)
 X - a +6,+6 ring of slaying (left hand)
Potions
 b - 5 potions of blood
 m - a potion of heal wounds
 o - a potion of cure mutation {unknown}
 q - 9 potions of curing
 w - a potion of lignification {unknown}
 x - 2 potions of might
 A - 3 potions of resistance
 J - a potion of restore abilities
Miscellaneous
 d - a stone of tremors (inert)
 i - a plain deck of defence
 F - a fan of gales


   Skills:
 - Level 7.6 Short Blades
 - Level 3.1 Bows
 - Level 0.7 Throwing
 + Level 4.1 Armour
 - Level 10.5 Dodging
 + Level 16.8 Stealth
 + Level 8.9 Spellcasting
 + Level 13.9 Hexes
 - Level 0.6 Evocations


You had 4 spell levels left.
You knew the following spells:

 Your Spells              Type           Power        Failure   Level  Hunger
a - Corona                Hex            ######.      1%          1    None
b - Ensorcelled Hibernat  Hex/Ice        ####..       1%          2    None
c - Enslavement           Hex            ######..     1%          4    ###....
d - Confuse               Hex            ######..     1%          3    #......
e - Invisibility          Hex            ######..     6%          6    ######.
f - Sure Blade            Hex/Chrm       ####......   1%          2    None
g - Vampiric Draining     Necr           #.........   30%         3    #......
h - Regeneration          Chrm/Necr      #.........   30%         3    #......


Dungeon Overview and Level Annotations

Branches:
Dungeon (11/16)            Temple (1/1) D:5            Lair (7/8) D:8
 Shoals (0/5) Lair:5        Snake (0/5) Lair:5
    Orc: D:9-12       Slime: Lair:6-8

Altars:
Ashenzari
Cheibriados
Elyvilon
Fedhas
Kikubaaqudgha
Makhleb
Nemelex Xobeh
Okawaru
Sif Muna
Trog
Vehumet
Xom
Yredelemnul
Zin
the Shining One

Shops:
D:5 ?   D:8 (   D:11 *

Annotations:
D:4 wuxia's ghost, average MfSk
D:7 mopl's ghost, experienced CeHu
D:8 Erolcha
D:9 1 exclusion
D:11 Nergalle
Lair:3 exclusion: downstairs
Lair:5 exclusions: electric eel, plant and 2 more exclusions


Innate Abilities, Weirdness & Mutations

You heal slowly.
You can bottle blood from corpses.
You have razor-sharp teeth.*
You have supernaturally acute eyesight.
You can survive without breathing.*


Message History

Evoke which item? (* to show all) (? for menu, Esc to quit)
Zapping:
L - a wand of heal wounds {zapped: 2}
Press: ? - help, Shift-Dir - straight line, f - you, p - death yak You feel much better.
The death yak gores you!
* * * LOW HITPOINT WARNING * * *
Evoke which item? (* to show all) (? for menu, Esc to quit)
Zapping:
t - a wand of cold {zapped: 1}
Press: ? - help, Shift-Dir - straight line The bolt of cold hits the death yak.
The death yak is almost dead.
The bolt of cold hits the spiny frog.
The spiny frog is heavily wounded.
The death yak misses you.
Evoke which item? (* to show all) (? for menu, Esc to quit)
Zapping:
t - a wand of cold {zapped: 2}
Press: ? - help, Shift-Dir - straight line The bolt of cold misses the death yak.
The bolt of cold hits the spiny frog.
The spiny frog is almost dead.
The death yak gores you!
You die...

....P............###.P......#..#.
P...P......................#(....
..###...........#...P#...........
......................#..........
#................................
..#.f...#.............#%........>
........................%..<.....
..#.#....f.......................
........f...#...@Y.F.(...........
.#......f#...#..###..............
...............## ##.f.....f#.f..
.P....f...#....### #..........##.
.P...f...........#####........# .
..#.#P..#.............#.....(.#
...........................#....
......#..#................###..#
f..###<...................# .#


You could see a death yak and a spiny frog.

Vanquished Creatures
  A hydra (Lair:3)
  9 death yaks
  A catoblepas (Lair:4)
  A cyclops (D:10)
  3 black mambas
  Maurice (D:9)
  An elephant (D:8)
  Psyche (D:8)
  A queen ant (Lair:2)
  8 spiny frogs
  2 fire drakes
  3 komodo dragons
  A spriggan (Lair:3)
  2 wyverns (D:9)
  16 blink frogs
  A yak (D:8)
  A basilisk (Lair:2)
  An elephant slug (Lair:5)
  2 hungry ghosts (D:8)
  4 hippogriffs
  8 soldier ants (Lair:2)
  4 nagas (Lair:5)
  A manticore (D:10)
  9 porcupines
  A sky beast (D:8)
  A yellow wasp (D:8)
  6 ogres
  2 necrophages
  A black bear (D:9)
  A phantom (D:9)
  3 orc warriors
  9 crocodiles
  5 centaurs
  4 big kobolds
  3 giant slugs
  2 water moccasins
  4 agate snails
  15 giant frogs
  A jellyfish (Lair:5)
  A troll zombie (D:8)
  7 killer bees (D:10)
  A troll skeleton (D:3)
  7 crimson imps
  A giant frog zombie (D:9)
  A two-headed ogre zombie (D:10)
  A jelly (D:9)
  6 hounds
  3 orc priests
  19 worker ants
  A centaur skeleton (D:9)
  A giant frog skeleton (D:10)
  A black bear skeleton (D:10)
  9 iguanas
  3 orc wizards
  3 scorpions
  18 sheep
  A big kobold zombie (D:8)
  Ijyb (D:2)
  8 gnolls
  14 adders
  A giant centipede (Lair:6)
  19 green rats
  2 giant mites
  8 worms
  2 adder skeletons
  A giant eyeball (D:8)
  An iguana skeleton (D:5)
  8 giant geckos
  2 oozes
  25 orcs
  4 ball pythons
  23 bats
  A bat skeleton (D:5)
  A bat zombie (D:3)
  18 goblins
  16 hobgoblins
  31 jackals
  12 quokkas
  8 giant cockroaches
  A giant gecko skeleton (D:7)
  7 giant newts
  A giant newt zombie (D:5)
  A goblin zombie (D:5)
  A hobgoblin zombie (D:6)
  30 kobolds
  An orc skeleton (D:5)
  An orc zombie (D:7)
  23 rats
  3 ballistomycetes (D:10)
  A butterfly (D:5)
  A fungus (Lair:5)
  3 plants (Lair:3)
504 creatures vanquished.

Vanquished Creatures (collateral kills)
  An orc warrior (D:8)
  A manticore skeleton (D:8)
  An orc wizard (D:8)
  An iguana (Lair:6)
  4 sheep (Lair:5)
  5 orcs
  A bat (D:8)
  A giant spore (D:10)
15 creatures vanquished.

Vanquished Creatures (others)
  An earth elemental (Lair:4)
  A bat zombie (D:10)
  3 giant spores (D:9)
  2 ballistomycetes (D:9)
  3 fungi (Lair:5)
  A plant (Lair:6)
11 creatures vanquished.

Grand Total: 530 creatures vanquished

Notes
Turn   | Place    | Note
--------------------------------------------------------------
     0 | D:1      | Psiweapon, the Vampire Enchanter, began the quest for the Orb.
     0 | D:1      | Reached XP level 1. HP: 13/13 MP: 3/3
   473 | D:1      | Reached XP level 2. HP: 19/19 MP: 4/4
   478 | D:1      | Learned a level 2 spell: Ensorcelled Hibernation
   638 | D:1      | Reached skill level 5 in Hexes
  1134 | D:2      | Reached XP level 3. HP: 24/24 MP: 6/6
  1826 | D:2      | Reached XP level 4. HP: 30/30 MP: 3/7
  2698 | D:2      | Noticed Ijyb
  2731 | D:2      | Killed Ijyb
  3016 | D:3      | Reached skill level 6 in Hexes
  3470 | D:3      | Reached skill level 5 in Stealth
  3470 | D:3      | Reached XP level 5. HP: 32/35 MP: 9/9
  3793 | D:3      | Upgraded the game from 0.14-a0-1773-ge500af7 to 0.14-a0-1811-gdc2d5af
  4427 | D:3      | Reached XP level 6. HP: 24/41 MP: 1/10
  4743 | D:4      | Learned a level 4 spell: Enslavement
  4847 | D:4      | Noticed wuxia's ghost (average MfSk)
  4980 | D:5      | Entered Level 5 of the Dungeon
  5005 | D:5      | Reached skill level 7 in Hexes
  5356 | D:5      | Found Ugim Tiu's Magic Scroll Shop.
  5391 | D:5      | Bought a scroll of identify for 28 gold pieces
  5476 | D:5      | Found a staircase to the Ecumenical Temple.
  5485 | Temple   | Entered the Ecumenical Temple
  5720 | Temple   | Became a worshipper of Makhleb the Destroyer
  5735 | D:5      | Reached skill level 5 in Dodging
  5735 | D:5      | Reached XP level 7. HP: 25/46 MP: 7/12
  5995 | D:5      | Learned a level 3 spell: Confuse
  6041 | D:5      | Noticed a necrophage
  6059 | D:5      | Killed a necrophage
  6059 | D:5      | Reached skill level 8 in Hexes
  6719 | D:6      | Reached XP level 8. HP: 52/52 MP: 10/13
  6734 | D:6      | Reached skill level 9 in Stealth
  6807 | D:6      | Acquired Makhleb's first power
  7605 | D:7      | Found a radiant altar of Vehumet.
  7626 | D:7      | Reached skill level 10 in Stealth
  7626 | D:7      | Reached skill level 10 in Hexes
  7646 | D:7      | Acquired Makhleb's second power
  7647 | D:7      | Noticed mopl's ghost (experienced CeHu)
  7816 | D:8      | Reached XP level 9. HP: 57/57 MP: 10/16
  7992 | D:10     | Entered Level 10 of the Dungeon
  7992 | D:10     | Noticed a cyclops
  7995 | D:10     | Killed a cyclops
  8027 | D:10     | Reached skill level 11 in Stealth
  8187 | D:8      | Found Eku Loun's Weapon Emporium.
  8249 | D:8      | Noticed an elephant
  8298 | D:8      | an elephant (ally) was killed
  8541 | D:8      | Found a staircase to the Lair.
  8740 | D:8      | Acquired Makhleb's third power
  8794 | D:8      | Noticed Psyche
  8811 | D:8      | Killed Psyche
  8811 | D:8      | Reached skill level 5 in Short Blades
  8811 | D:8      | Reached skill level 12 in Stealth
  8882 | Lair:1   | Entered Level 1 of the Lair of Beasts
  9103 | Lair:1   | Noticed a black mamba
  9110 | Lair:1   | Killed a black mamba
  9110 | Lair:1   | Reached XP level 10. HP: 63/63 MP: 21/21
  9596 | Lair:1   | Acquired Makhleb's fourth power
  9596 | Lair:1   | Reached skill level 5 in Spellcasting
 10251 | Lair:2   | Reached skill level 13 in Stealth
 10945 | Lair:2   | Learned a level 6 spell: Invisibility
 11110 | Lair:3   | Noticed a four-headed hydra
 11297 | D:8      | Noticed Erolcha
 11360 | D:9      | Acquired Makhleb's fifth power
 11374 | D:9      | Reached skill level 10 in Dodging
 11458 | D:9      | Noticed Maurice
 11464 | D:9      | Killed Maurice
 11654 | D:9      | Reached XP level 11. HP: 68/68 MP: 21/25
 12527 | D:11     | Found Muggin's Assorted Antiques.
 13084 | Lair:2   | Reached skill level 14 in Stealth
 13437 | Lair:3   | Got a transparent bow
 13438 | Lair:3   | Identified the +7,+5 bow "Sotwir" {flame, +Blink rElec Str+3} (You found it on level 3 of the Lair of Beasts)
 13689 | Lair:4   | Reached skill level 1 in Bows
 13716 | Lair:4   | Noticed a death yak
 13903 | Lair:3   | Killed a four-headed hydra
 14131 | Lair:3   | Reached skill level 15 in Stealth
 15705 | Lair:5   | Found a staircase to the Snake Pit.
 15786 | Lair:5   | Found a staircase to the Shoals.
 15925 | Lair:5   | Reached XP level 12. HP: 71/74 MP: 27/27
 16000 | Lair:4   | Noticed a catoblepas
 16020 | Lair:4   | Noticed a death yak
 16020 | Lair:4   | Noticed a death yak
 16020 | Lair:4   | Noticed a death yak
 16020 | Lair:4   | Noticed a death yak
 16089 | Lair:2   | Learned a level 2 spell: Sure Blade
 16653 | D:10     | Got a smoking robe
 17197 | D:11     | Learned a level 3 spell: Vampiric Draining
 17201 | D:11     | Learned a level 3 spell: Regeneration
 17280 | D:11     | Noticed Nergalle
 17933 | Lair:4   | Got a crystal cutlass
 17939 | Lair:4   | Killed a death yak
 17939 | Lair:4   | Reached skill level 1 in Armour
 17943 | Lair:4   | Killed a death yak
 17946 | Lair:4   | Killed a death yak
 17950 | Lair:4   | Killed a death yak
 18015 | Lair:4   | Identified the cursed -2,+1 cutlass of Woe {venom, +Blink rPois} (You found it on level 4 of the Lair of Beasts)
 18415 | Lair:4   | Reached skill level 16 in Stealth
 18429 | Lair:4   | Killed a catoblepas
 18450 | Lair:4   | Killed a death yak
 19773 | Lair:6   | HP: 2/74 [death yak (23)]
 19782 | Lair:6   | Slain by a death yak

Action                   |  1- 3 |  4- 6 |  7- 9 | 10-12 || total
-------------------------+-------+-------+-------+-------++-------
Melee: Dagger            |   128 |   222 |   299 |   466 ||  1115
       Short sword       |       |       |       |   539 ||   539
       Cutlass           |       |       |       |     5 ||     5
 Fire: Bow               |       |       |       |    32 ||    32
Throw: Dart              |     2 |    25 |     4 |     2 ||    33
       Tomahawk          |       |       |       |     4 ||     4
 Cast: Corona            |     1 |     2 |       |       ||     3
       Ensorcelled Hiber |    19 |    49 |    56 |   130 ||   254
       Enslavement       |       |       |    10 |     4 ||    14
       Confuse           |       |       |     3 |     9 ||    12
       Invisibility      |       |       |       |    13 ||    13
       Sure Blade        |       |       |       |     9 ||     9
 Abil: Bottle Blood      |       |     8 |    12 |    14 ||    34
       End Transformatio |       |     1 |     2 |    17 ||    20
       Bat Form          |       |     1 |     2 |    17 ||    20
Evoke: Wand              |       |       |     6 |    32 ||    38
       stone of tremors  |       |       |       |     1 ||     1
  Use: Scroll            |     4 |     1 |     5 |    16 ||    26
       Potion            |       |     1 |     6 |    12 ||    19
 Stab: Sleeping          |    19 |    45 |    60 |   159 ||   283
       Distracted        |       |       |     1 |     5 ||     6
       Confused          |       |       |     1 |     3 ||     4
       Invisible         |       |       |       |    18 ||    18
       Paralysed         |       |       |       |     1 ||     1
